024, lawful female dwarven Valkyrie ----- |...| ----------- |....#####------------- #+[.<....... |.`.| #|............# ###|.........| |..<| #|...........|# # #..........| ----- #|...........-######|...*.....| #|..._.......|# # |..........# #|...........|## -.-------.-# #----------.--## # # # ##########`##### # ### # # # # # # # ##### ` # ### # # ---.--.----- # # ## ##...........| # ## # |>.........| -|--|- ### |..........| |....| ## ------------ |....| ## .. |....|#@d#### ------ 024 the Skirmisher Experience level: 4 Strength: 18/03 Dexterity: 11 Constitution: 17 Intelligence: 8 Wisdom: 9 Charisma: 10 Health: 47(47) Energy: 10(10) Def: 1 Gold: 115 Moves: 1772 Dungeon seed: 17b4XQDE6AjiBd4n Game ID: 024_1588113912 Your Inventory: Coins $ - 115 gold pieces Amulets l - an uncursed amulet of magical breathing Weapons a - a greased +1 long sword (weapon in hand) b - a +0 dagger h - 8 cursed -2 shuriken n - a blessed +2 flail Armor e - an uncursed +0 orcish helm (being worn) r - a cursed -1 mummy wrapping y - a cursed -1 pair of gauntlets of fumbling (being worn) Comestibles c - 2 uncursed food rations i - 2 uncursed lichen corpses k - 2 uncursed fortune cookies u - an uncursed partly eaten food ration Scrolls s - a blessed scroll of blank paper Wands q - a wand of probing (0:7) Tools d - an uncursed oil lamp (0:1088) g - a can of grease (0:19) w - an uncursed tin whistle Spells and supernatural/magical abilities: Name Level Category Fail Memory W - pray for help -- divine ? -- Your skills at the end: Fighting Skills Weapon Skills dagger [Basic] long sword [Basic] Spellcasting Skills Final Attributes: You were piously aligned. You were cold resistant. You fumbled. You had infravision. You were stealthy. You survived. Vanquished creatures: a kobold mummy a kitten 2 iguanas an acid blob 4 coyotes a brown mold a yellow mold a gnome zombie 3 geckos 6 jackals 2 foxes a goblin a sewer rat 8 grid bugs 3 bats 4 lichens 6 newts 46 creatures vanquished. Voluntary challenges: You used a wielded weapon 40 times, starting on turn 61. You read items or engraved 5 times, starting on turn 437. You never genocided any monsters. You never polymorphed an object. You never changed form. You used no wishes. You never split a pudding. You never wrote Elbereth's name. You never violated your personal moral code. Dungeon overview: The Dungeons of Doom: levels 1 to 6 Level 1 a long staircase Level 2 a long staircase Level 3 a fountain Level 4 a general store, an altar to Odin Level 5 many fountains Level 6 <- You were here an altar to Tyr a long staircase History has recorded: On T:1 you entered the Dungeons of Doom to retrieve the Amulet of Yendor! On T:180 you reached level 2 of The Dungeons of Doom. On T:566 you advanced to experience level 2. On T:634 you reached level 3 of The Dungeons of Doom. On T:1076 you reached level 4 of The Dungeons of Doom. On T:1079 you advanced to experience level 3. On T:1333 you reached level 5 of The Dungeons of Doom. On T:1369 you advanced to experience level 4. On T:1525 you reached level 6 of The Dungeons of Doom. Score breakdown: Gold: 115 ( 7022 points) Experience: 4 levels ( 9649 points) Exploration: 6 levels ( 11.54%) ( 9393 points) Discoveries: 7 items ( 2.86%) ( 5070 points) Valuables value: (no points given unless you survive) Artifact value: 0 ( 0 points) Variety of kills: 17 monsters ( 4.46%) ( 6336 points) Turncount: 1772 turns ( 0 points) Survival: quit (score multiplied by 90%) Total score: 33723 Latest messages: You trip over your own feet. You stop exploring. The door opens. You displace your little dog. You stumble. You stop exploring. You flounder. You stop exploring. You flounder. You stop exploring. You stop. Your little dog is in the way! You slip and nearly fall. You stop exploring. You displace your little dog. You stop. Your little dog is in the way! The door opens. You stumble. You stop exploring. You stumble. You stop exploring. You slip and nearly fall. You stop exploring. Final status: Farvel 024 the Valkyrie, quit... You quit in The Dungeons of Doom on dungeon level 6 with 33723 points, and 115 pieces of gold, after 1772 moves. You were level 4 with a maximum of 47 hit points when you quit.